 Dungeon Crawl Stone Soup version 0.30-a0-939-gc8157cb160 (webtiles) character file.

Game seed: 16572111842224031468

84 Jeffwins the Shooter (level 4, 0/48 HPs)
             Began as a Human Wanderer on Mar 26, 2023.
             Succumbed to an adder's poison
             ... on level 2 of the Dungeon.
             The game lasted 00:03:20 (1859 turns).

Jeffwins the Shooter (Human Wanderer)               Turns: 1859, Time: 00:03:21

Health: 0/48       AC:  3    Str: 12    XL:     4   Next: 74%
Magic:  1/4        EV: 11    Int: 19    God:
Gold:   143        SH:  0    Dex: 14    Spells: 1/4 levels left

rFire   . . .      SeeInvis .    a - +2 sling
rCold   . . .      Faith    .    (no shield)
rNeg    . . .      Spirit   .    e - +0 robe
rPois   .          Reflect  .    c - +0 helmet
rElec   .          Rampage  .    (no cloak)
rCorr   +                        (no gloves)
Will    .....                    (no boots) Stlth
                                 (no amulet)
HPRegen 0.28/turn                R - ring of resist corrosion
MPRegen 0.09/turn                I - +6 ring of intelligence

@: berserking (expiring), lethally poisoned (0 -> -8), very slightly
contaminated, very quick
A: no striking features
a: no special abilities


You were on level 2 of the Dungeon.
You visited 1 branch of the dungeon, and saw 3 of its levels.

You collected 143 gold pieces.


   Skills:
 + Level 1.3 Fighting
 - Level 2.0 Staves
 * Level 5.2 Ranged Weapons
 - Level 1.0 Armour
 - Level 1.0 Dodging
 + Level 0.8 Stealth
 + Level 0.5 Spellcasting
 * Level 1.5 Conjurations
 * Level 1.1 Ice Magic
 * Level 1.6 Air Magic
 * Level 0.3 Earth Magic


You had one spell level left.
You knew the following spells:

 Your Spells              Type           Power      Damage    Failure   Level
z - Stone Arrow           Conj/Erth      8%         3d7       36%         3

Your spell library contained the following spells:

 Spells                   Type           Power      Damage    Failure   Level
 Sandblast                Erth           2%         2d4       17%         1
 Necrotise                Necr           0%         1d4       21%         1
 Passwall                 Tmut/Erth      0%         N/A       28%         2
 Kindle Blastsparks       Fire/Tloc/Air  4%         2d10      43%         3
 Ignite Poison            Fire/Tmut/Pois 0%         N/A       52%         3
 Vampiric Draining        Necr           0%         2d6       52%         3
 Petrify                  Tmut/Erth      1%         N/A       88%         4
 Freezing Cloud           Conj/Ice/Air   3%         6-21      96%         5
 Agony                    Necr           0%         N/A       99%         5
 Metabolic Englaciation   Hex/Ice        1%         N/A       99%         5
 Statue Form              Tmut/Erth      0%         N/A       100%        6

Inventory:

Hand Weapons
 a - a +2 sling (weapon)
 b - a +0 quarterstaff
Armour
 c - a +0 helmet (worn)
 e - a +0 robe (worn)
Jewellery
 I - a +6 ring of intelligence (right hand)
 R - a ring of resist corrosion (left hand)
Scrolls
 d - a scroll of fear
 g - 2 scrolls of noise {unknown}
 h - a scroll of brand weapon {unknown}
 i - 8 scrolls of identify {unknown}
 j - a scroll of blinking {unknown}
 m - 2 scrolls of poison {unknown}
 n - a scroll of silence {unknown}
 o - a scroll of teleportation {unknown}
 p - a scroll of immolation {unknown}
Potions
 f - a potion of might {unknown}
 k - a potion of curing {@q1}
 q - a potion of flight {unknown}
 r - a potion of brilliance {unknown}

Dungeon Overview and Level Annotations

Branches:
Dungeon (3/15)

Altars:

#.▓............###.......##
#.▓▓....▓.÷.#..#<........#.
#..▓▓..▓▓...#..#.#<#####÷#.
#.....▓▓.÷.....#.#.# #.#.
#.###..........#.#.# #.#.
#.....######...#.#.#####.#.
#####.# ##...............
#.#####....#...........
#.#...@>...###.#####.#.
#)#.###....# #.# #....
#†#.#......# #.# #....
#.#.##.....###.####....
#.#........#...........
#.#.##..#......#####.#.
#.#.##..........#....#.
#.#.##...#.#.#.....###.
#.#.##.................


There were no monsters in sight!


Message History

Unknown command.
It was a potion of berserk rage.
A red film seems to cover your vision as you go berserk!
You feel yourself moving faster!
You feel mighty!
You feel sick. The adder closely misses you.
Unknown command.
Really attack while wielding your +2 sling?
You clumsily bash the adder.
The adder is almost dead.
You feel sick. The adder bites you.
* * * LOW HITPOINT WARNING * * *
Unknown command.
You miss the adder.
The adder is almost dead.
You feel sick. The adder bites you.
* * * LOW HITPOINT WARNING * * *
You are more poisoned.
The adder poisons you!
You clumsily bash the adder but do no damage.
The adder is almost dead.
You feel sick. The adder bites you.
* * * LOW HITPOINT WARNING * * *
You are lethally poisoned!
The adder poisons you! The adder barely misses you.
You clumsily bash the adder.
You kill the adder!
* * * LOW HITPOINT WARNING * * *
You feel very sick.
Unknown command.
You die...

Skill      XL: |  1  2  3  4 |
---------------+-------------+-----
Air Magic      | 1 |  1.6
Conjurations   | 1 |  1.5
Ice Magic      | 1 |  1.1
Fighting       | |  1.3
Staves         | |  2.0
Ranged Weapons | |  5.2
Armour         | |  1.0
Dodging        | |  1.0
Stealth        | |  0.8
Spellcasting   | |  0.5
Earth Magic    | |  0.3

Action                     |  1- 3 |  4- 6 || total
---------------------------+-------+-------++-------
  Melee: Sling             |       |     4 ||     4
   Fire: Sling             |   100 |    60 ||   160
    Use: Potion            |     2 |     1 ||     3
 Armour: Robe              |    18 |    18 ||    36
  Dodge: Dodged            |    42 |    30 ||    72

Levels and vault maps discovered:
D:1:      onia_arrival_pyramid, layout_loops_ring, dreamdust_princess_corridor,
          chequers_avenue, chequers_serial_rivers_micro_b
D:2:      layout_basic, st_stairs_2, minmay_pentomino_w4
D:3:      layout_basic, cheibriados_altar_1, gammafunk_ghost_split,
          kennysheep_generic_room_16

Notes
Turn   | Place    | Note
-------+----------+-------------------------------------------
     0 | D:1      | Jeffwins the Human Wanderer began the quest for the Orb.
     0 | D:1      | Jeffwins set off with the following items: a +2 sling, a +0
                  | quarterstaff, a +0 helmet, a scroll of fear, a +0 robe.
     0 | D:1      | Reached XP level 1. HP: 15/15 MP: 1/1
   469 | D:1      | Reached XP level 2. HP: 21/21 MP: 2/2
   856 | D:2      | Reached skill level 1 in Air Magic
   856 | D:2      | Reached XP level 3. HP: 26/26 MP: 3/3
  1066 | D:2      | Reached skill level 1 in Conjurations
  1237 | D:2      | Reached XP level 4. HP: 32/32 MP: 4/4
  1253 | D:2      | Reached skill level 1 in Ice Magic
  1361 | D:2      | Learned a level 3 spell: Stone Arrow
  1857 | D:2      | HP: 4/48 [adder (1)]
  1859 | D:2      | Succumbed to an adder's poison

Vanquished Creatures
  3 adders (D:2)
  4 worms (D:2)
  2 dart slugs (D:2)
  4 ball pythons
  An endoplasm (D:2)
  2 giant cockroaches (D:2)
  2 hobgoblins
  2 jackals (D:2)
  3 quokkas
  9 bats
  A frilled lizard (D:2)
  5 goblins
  A kobold (D:1)
  4 rats
43 creatures vanquished.

Table legend: (Time is in decaauts)
 A = Elapsed time spent in this place.
 B = Non-inter-level travel time spent in this place.
 C = Inter-level travel time spent in this place.
 D = Time resting spent in this place.
 E = Time spent auto-exploring this place.
 F = Levels seen in this place.
 G = Mean time per level.
                   A        B        C        D        E       F      G
               +--------+--------+--------+--------+--------+-----+--------+
         Total |   1880 |   1828 |     52 |     71 |   1379 |   3 |  626.7 |
       Dungeon |   1880 |   1828 |     52 |     71 |   1379 |   3 |  626.7 |
               +--------+--------+--------+--------+--------+-----+--------+

Top non-repeatable levels by time:
     D:2: 1145 daAuts
     D:1: 722 daAuts
     D:3: 13 daAuts

Table legend:
 A = Non-vault XP
 B = Vault XP
 C = Vault XP percentage of total XP
 D = Non-vault monster count
 E = Vault monster count
 F = Vault count percentage of total count
                 A         B        C        D         E       F
            +---------+---------+-------+---------+---------+-------
      Total |      81 |      40 |  33.1 |      36 |       7 |  16.3
            +---------+---------+-------+---------+---------+-------
        D:1 |      15 |       0 |   0.0 |      12 |       0 |   0.0
        D:2 |      66 |      40 |  37.7 |      24 |       7 |  22.6
            +---------+---------+-------+---------+---------+-------
